 Dungeon Crawl Stone Soup version 0.30.1-11-g7821555f0a (webtiles) character file.

Game seed: 1545481605689709606

1 KittyFluff the Trooper (level 1, 0/14 HPs)
             Began as a Gargoyle Berserker on Nov 24, 2023.
             Was a Follower of Trog.
             Slain by a goblin
             ... wielding a +0 dagger
              (3 damage)
             ... on level 1 of the Dungeon.
             The game lasted 00:00:16 (33 turns).

KittyFluff the Trooper (Gargoyle Berserker)           Turns: 33, Time: 00:00:17

Health: 0/14       AC:  4    Str: 20    XL:     1   Next: 20%
Magic:  1/1        EV: 11    Int:  7    God:    Trog [*.....]
Gold:   0          SH:  0    Dex:  9    Spells: 0/0 levels left

rFire   . . .        a - +0 mace
rCold   . . .        (no shield)
rNeg    + . .        b - +0 animal skin
rPois   ∞            (no helmet)
rElec   +            (no cloak)
rCorr   .            (no gloves)
SInv    .            (no boots)
Will    .....        (no amulet)
Stlth   +            (no ring)
HPRegen 0.22/turn    (no ring)
MPRegen 0.07/turn

%: no passive effects
@: no status effects
A: sickness immunity, AC +2, negative energy resistance 1, electricity
resistance, torment resistance 1, petrification resistance
a: Renounce Religion, Berserk


You were on level 1 of the Dungeon.
You worshipped Trog.
Trog was aware of your devotion.
You visited 1 branch of the dungeon, and saw 1 of its levels.

Inventory:

Hand Weapons
 a - a +0 mace (weapon)
Armour
 b - a +0 animal skin (worn)


   Skills:
 + Level 3.3 Fighting
 * Level 3.0 Maces & Flails
 * Level 2.2 Armour
 + Level 1.5 Dodging
 + Level 0.0 Stealth


You couldn't memorise any spells.
You didn't know any spells.
Your spell library was empty.

Dungeon Overview and Level Annotations

Branches:
Dungeon (1/15)

Altars:


Innate Abilities, Weirdness & Mutations

You are immune to sickness and miasma.
Your stone body is resilient. (AC +2)
You are immune to poison.
You resist negative energy. (rN+)
You are resistant to electric shocks. (rElec)
You are resistant to unholy torment.
You are immune to petrification.


Message History

Trog says: Kill them all!
Press ? for a list of commands and other information.
Found a brown potion.
Found an escape hatch in the floor.
Found a staircase leading out of the dungeon.
An endoplasm comes into view.
Found 10 gold pieces.
Found a spear and a scroll labelled EWERRAZXAO.
The endoplasm quivers.
A goblin comes into view. It is wielding a +0 dagger.
Found a scroll labelled KEUDDI QYKUETT.
The goblin shouts!
The goblin closely misses you.
You barely miss the goblin. The goblin hits you with a +0 dagger.
You hit the endoplasm.
The endoplasm is lightly wounded.
The endoplasm freezes you.
You are frozen.
The goblin hits you but does no damage.
You hit the endoplasm but do no damage.
The endoplasm is lightly wounded.
The goblin hits you with a +0 dagger.
The endoplasm hits you but does no damage.
You hit the endoplasm.
The endoplasm is almost dead.
The endoplasm hits you but does no damage.
The goblin hits you but does no damage. The endoplasm freezes you.
You are frozen.
The goblin hits you but does no damage.
You sock the endoplasm!
You kill the endoplasm!
Trog accepts your kill. The goblin hits you with a +0 dagger.
You closely miss the goblin. The goblin closely misses you.
You hit the goblin.
The goblin is severely wounded.
The goblin hits you with a +0 dagger.
* * * LOW HITPOINT WARNING * * *
You miss the goblin.
The goblin is severely wounded.
The goblin hits you with a +0 dagger.
You die...

#.# ... #.# #.###
## #...##### ...
#..?#...# ....
#$..#...#
.....##@..#...###
........g?.......
###.#.#.###...#
###.#.#.##....####
#..J..............
#.#.....##.#.#####
#.#.#.##........
.......)#.#......
#.#.#.#..#.#######


You could see a goblin.

Vanquished Creatures
  An endoplasm (D:1)
1 creature vanquished.

Notes
Turn   | Place    | Note
-------+----------+-------------------------------------------
     0 | D:1      | KittyFluff the Gargoyle Berserker began the quest for the
                  | Orb.
     0 | D:1      | Reached XP level 1. HP: 14/14 MP: 1/1
    33 | D:1      | Slain by a goblin

Illustrated notes

Levels and vault maps discovered:
D:1:      grunt_arrival_lava_bath, layout_basic

Action                     || total
---------------------------++-------
  Melee: Mace              ||     8
 Armour: Animal skin       ||     5
  Dodge: Dodged            ||     2
